 Dungeon Crawl Stone Soup version 0.31-a0-664-g902f515a81 (webtiles) character file.

Game seed: 13509589409043721693

1533 randomguy2701 the Cleaver (level 8, -4/70 HPs)
             Began as a Hill Orc Fighter on Sept 2, 2023.
             Slain by an orc warrior
             ... wielding a +0 glaive
              (15 damage)
             ... on level 6 of the Dungeon.
             The game lasted 00:07:34 (5424 turns).

randomguy2701 the Cleaver (Hill Orc Fighter)        Turns: 5424, Time: 00:07:34

Health: -4/70      AC: 11    Str: 25    XL:     8   Next: 85%
Magic:  8/8        EV: 10    Int:  8    God:
Gold:   354        SH:  5    Dex: 12    Spells: 7/7 levels left

rFire   . . .        a - +0 war axe
rCold   . . .        c - +0 buckler
rNeg    . . .        b - +0 scale mail
rPois   +            o - +1 helmet {SInv}
rElec   .            (no cloak)
rCorr   .            (no gloves)
SInv    +            i - +0 pair of boots
Will    .....        (no amulet) Stlth
                     q - ring of poison resistance
HPRegen 0.31/turn    s - +6 ring of strength
MPRegen 0.11/turn

%: no passive effects
@: no status effects
A: no striking features
a: no special abilities


You were on level 6 of the Dungeon.
You visited 1 branch of the dungeon, and saw 6 of its levels.
You also visited: Ossuary.

You collected 354 gold pieces.

Inventory:

Hand Weapons
 a - a +0 war axe (weapon)
Missiles
 E - 2 throwing nets
Armour
 b - a +0 scale mail (worn)
 c - a +0 buckler (worn)
 i - a +0 pair of boots (worn)
 o - a +1 helmet of see invisible (worn)
Jewellery
 q - a ring of poison resistance (left hand)
 s - a +6 ring of strength (right hand)
 D - a +6 ring of intelligence
Wands
 n - a wand of iceblast (8)
Scrolls
 f - 4 scrolls of teleportation {unknown}
 h - 4 scrolls of identify {unknown}
 j - a scroll of summoning {unknown}
 k - a scroll of revelation {unknown}
 m - a scroll of poison {unknown}
 r - a scroll of blinking {unknown}
 t - 2 scrolls of enchant weapon {unknown}
 x - a scroll of amnesia {unknown}
 y - 2 scrolls of fog {unknown}
 C - a scroll of vulnerability {unknown}
Potions
 d - a potion of might
 e - 4 potions of enlightenment {unknown}
 g - 3 potions of heal wounds {unknown}
 l - a potion of cancellation {unknown}
 p - a potion of haste {unknown}
 u - 3 potions of curing {unknown}
 v - a potion of berserk rage {unknown}
 w - a potion of resistance {unknown}
 z - 2 potions of mutation {unknown}
 A - 2 potions of brilliance {unknown}
 B - a potion of degeneration {unknown}


   Skills:
 + Level 6.2 Fighting
 + Level 10.9 Axes
 + Level 5.6 Armour
 + Level 1.4 Dodging
 + Level 4.6 Shields


You had 7 spell levels left.
You didn't know any spells.
Your spell library contained the following spells:

 Spells                   Type           Power      Damage    Failure   Level
 Ensorcelled Hibernation  Hex/Ice        0%         N/A       86%         2
 Portal Projectile        Hex/Tloc       0%         N/A       98%         3
 Tukima's Dance           Hex            0%         N/A       98%         3
 Anguish                  Hex/Necr       0%         N/A       100%        4
 Iskenderun's Mystic Bla  Conj/Tloc      0%         2d3       100%        4


Dungeon Overview and Level Annotations

Branches:
Dungeon (6/15)            Ossuary (visited)
 Temple: D:4-7

Altars:
Ashenzari
Dithmenos
Fedhas
Hepliaklqana
Qazlal
Uskayaw

Shops:
D:2 :


Message History

You barely miss the orc. The orc warrior closely misses you.
The orc completely misses you. You block the orc's attack.
You slash the orc!
You kill the orc!
You hit the orc. The orc closely misses you.
The orc warrior hits you from afar with a +0 glaive!
You slice the orc!!
You kill the orc!
The orc warrior hits you from afar with a +0 glaive!
You are too injured to fight recklessly!
You are too injured to fight recklessly!
You are too injured to fight recklessly!
The orc warrior hits you with a +0 glaive.
Things that are here:
a +0 whip; a +0 leather armour You hit the orc warrior.
The orc warrior is lightly wounded.
You block the orc warrior's attack.
You hit the orc warrior but do no damage.
The orc warrior is lightly wounded.
The orc warrior hits you with a +0 glaive!
* * * LOW HITPOINT WARNING * * *
You barely miss the orc warrior.
The orc warrior is lightly wounded.
The orc warrior hits you with a +0 glaive.
* * * LOW HITPOINT WARNING * * *
You closely miss the orc warrior.
The orc warrior is lightly wounded.
The orc warrior hits you with a +0 glaive.
* * * LOW HITPOINT WARNING * * *
You hit the orc warrior but do no damage.
The orc warrior is lightly wounded.
The orc warrior barely misses you.
You barely miss the orc warrior.
The orc warrior is lightly wounded.
You block the orc warrior's attack.
You hit the orc warrior but do no damage.
The orc warrior is lightly wounded.
The orc warrior hits you with a +0 glaive!
You die...

#......# #......#
#......# #......#
#......#
......#+#####
#o............
#@))..............
#.................
#!................
#.................
#.................
#.................
#.................
#.................
######......######


You could see an orc warrior.

Vanquished Creatures
  Pikel (D:4)
  A sky beast (D:3)
  A phantom (D:5)
  2 elf zombies (Ossuary)
  A bullfrog (D:4)
  5 hounds
  A centaur zombie (Ossuary)
  5 jellies
  2 human zombies (Ossuary)
  Ijyb (D:3)
  An iguana (D:5)
  An orc wizard (D:6)
  2 mummies (Ossuary)
  Robin (D:3)
  6 adders
  An ufetubus (D:5)
  3 adder zombies
  2 adder skeletons (D:2)
  A worm (D:2)
  7 orcs
  11 bats
  10 endoplasms
  20 goblins
  11 hobgoblins
  11 jackals
  15 kobolds
  3 quokkas
  4 ball pythons
  A ball python skeleton (D:2)
  A ball python zombie (D:2)
  6 frilled lizards
  A goblin zombie (Ossuary)
  10 hobgoblin zombies (Ossuary)
  A jackal zombie (Ossuary)
  10 kobold zombies (Ossuary)
  6 orc zombies (Ossuary)
  A quokka skeleton (D:2)
  A quokka zombie (D:2)
  5 rats
  A rat zombie (Ossuary)
174 creatures vanquished.

Notes
Turn   | Place    | Note
-------+----------+-------------------------------------------
     0 | D:1      | randomguy2701 the Hill Orc Fighter began the quest for the
                  | Orb.
     0 | D:1      | Reached XP level 1. HP: 19/19 MP: 1/1
    70 | D:1      | Reached skill level 3 in Axes
    70 | D:1      | Reached XP level 2. HP: 24/27 MP: 2/2
   709 | D:1      | Reached XP level 3. HP: 33/33 MP: 3/3
  1018 | D:2      | Reached skill level 4 in Axes
  1102 | D:2      | Reached XP level 4. HP: 39/40 MP: 4/4
  1614 | D:2      | Found Venneinkoneh's Book Emporium.
  1947 | D:3      | Found a stormy altar of Qazlal.
  1947 | D:3      | Noticed a sky beast
  1961 | D:3      | Killed a sky beast
  1962 | D:3      | Reached skill level 5 in Axes
  1962 | D:3      | Reached XP level 5. HP: 32/47 MP: 5/5
  2079 | D:3      | Found a broken altar of Ashenzari.
  2083 | D:3      | Noticed Robin
  2096 | D:3      | Reached skill level 6 in Axes
  2102 | D:3      | Killed Robin
  2103 | D:3      | Reached XP level 6. HP: 42/53 MP: 6/6
  2297 | D:3      | Found a shadowy altar of Dithmenos.
  2581 | D:3      | Noticed Ijyb
  2597 | D:3      | Killed Ijyb
  2830 | D:4      | Noticed Pikel
  2911 | D:4      | Killed Pikel
  2912 | D:4      | Reached skill level 5 in Fighting
  2912 | D:4      | Reached skill level 8 in Axes
  2912 | D:4      | Reached skill level 5 in Armour
  2912 | D:4      | Reached skill level 1 in Dodging
  2912 | D:4      | Reached XP level 7. HP: 29/61 MP: 7/7
  3115 | D:4      | Found a hide-covered altar of Uskayaw.
  3166 | D:4      | Reached XP level 8. HP: 65/69 MP: 8/8
  3203 | D:4      | Found a hazy altar of Hepliaklqana.
  3360 | D:4      | Reached skill level 9 in Axes
  3648 | D:5      | Entered Level 5 of the Dungeon
  3714 | D:5      | Found a blossoming altar of Fedhas.
  4323 | D:5      | Found a sand-covered staircase.
  4333 | Ossuary  | Entered an ossuary
  4455 | Ossuary  | Reached skill level 10 in Axes
  5424 | D:6      | Slain by an orc warrior

Illustrated notes

Levels and vault maps discovered:
D:1:      dpeg_arrival_subterranean_lakeside_camping, layout_loops_corners
D:2:      layout_loops_corners, serial_undead, serial_undead_f, serial_undead_d,
          serial_undead_b, serial_undead_c, serial_shops,
          nicolae_shop_hallway_plus, minmay_pentomino_u2
D:3:      layout_basic, nicolae_qazlal_beasts_of_the_sky, amcnicky_altar_gilded,
          grunt_dithmenos_smoke, serial_glass, glass_columns_c, glass_columns_a,
          glass_columns_c, glass_columns_a, glass_columns_c, glass_columns_a,
          minmay_strange_pillars, minmay_strange_pillars, feat_on_display,
          item_on_display_a, uniq_robin, uniq_ijyb
D:4:      cheibrodos_fertilizer, layout_rooms, lemuel_tele_altar,
          nzn_hepliaklqana_mist_gate, uniq_pikel
D:5:      layout_layer_cave, kennysheep_mini_moat,
          lightli_ossuary_entry_decrepit_ruins, serial_bayou_lagoon_b
D:6:      layout_gridville, mainiacjoe_overflow_swirl,
          cheibrodos_sewer_entry_bend, serial_bayou_crossing

Skill      XL: |  1  2  3  4  5  6  7  8 |
---------------+-------------------------+-----
Axes           | 3 4 5 6 8 10 | 10.9
Fighting       | 4 5 6 |  6.2
Armour         | 4 5 |  5.6
Shields        | 4 |  4.6
Dodging        | 1 |  1.4

Action                     |  1- 3 |  4- 6 |  7- 9 || total
---------------------------+-------+-------+-------++-------
  Melee: War axe           |    88 |   138 |   202 ||   428
    Use: Potion            |       |       |     1 ||     1
 Armour: Scale mail        |    69 |   146 |   114 ||   329
  Dodge: Dodged            |    35 |    52 |    78 ||   165
  Block: Buckler           |    27 |    41 |    38 ||   106

Table legend: (Time is in decaauts)
 A = Elapsed time spent in this place.
 B = Non-inter-level travel time spent in this place.
 C = Inter-level travel time spent in this place.
 D = Time resting spent in this place.
 E = Time spent auto-exploring this place.
 F = Levels seen in this place.
 G = Mean time per level.
                   A        B        C        D        E       F      G
               +--------+--------+--------+--------+--------+-----+--------+
         Total |   5516 |   5356 |    160 |    164 |   4236 |   7 |  788.0 |
       Dungeon |   5055 |   4895 |    160 |      0 |   4129 |   6 |  842.5 |
       Ossuary |    461 |    461 |      0 |    164 |    107 |   1 |  461.0 |
               +--------+--------+--------+--------+--------+-----+--------+

Top non-repeatable levels by time:
     D:5: 1271 daAuts
     D:1: 978 daAuts
     D:2: 955 daAuts
     D:3: 924 daAuts
     D:4: 862 daAuts
 Ossuary: 461 daAuts
     D:6: 62 daAuts
